Unix NetHack Version 3.7.0-60 Work-in-progress - last build Jul 10 2022 06:21:10 (14e6c82d0a2bdcc1d3355b92dfa208a3528279b5,branch:master). Game began 2022-07-11 14:26:15, ended 2022-07-11 14:41:04. elenmirie, chaotic female orcish Rogue ----- |...| -------------- ----- |...-## |............| ....| |...| # |............| ####|...| |>..| ### |............| #############....-# ---.- # |............| #-------# -----## # ####.............| ###......| # # ----.--------- ### #|<....| # # ## # ##|.....| # # ################### #|...... # # ### # #|.....| # ---|- -|--------- # #|.....| # |....# |....>.[... ###########----+-- #---------- |...|# ####|.........| # d|.????+]?| |...| ####...........### @|.???]??+| |...| ----------- d-@???.??]| ----- |.+?.+?.?| ---------- Elenmirie the Cutpurse St:13 Dx:18 Co:15 In:12 Wi:8 Ch:9 Chaotic Dlvl:3 $:12 HP:0(24) Pw:7(7) AC:7 Xp:3/46 T:1241 Latest messages: In what direction? k You throw 2 orcish daggers. The 1st orcish dagger hits the werejackal. The 2nd orcish dagger hits the werejackal. The werejackal bites! You feel feverish. In what direction? k The orcish dagger hits the werejackal. The werejackal bites! In what direction? k The orcish dagger hits the werejackal. The werejackal bites! You have no ammunition readied. What do you want to fire? [- $a or ?*] ? Never mind. You hit the werejackal. The werejackal bites! You hit the werejackal. The werejackal changes into a human. The werejackal hits! You hit the werejackal. The werejackal changes into a jackal. The werejackal bites! Are you sure you want to pray? [yn] (n) y You begin praying to Kos. You are surrounded by a shimmering light. The werejackal starts to attack you, but pulls back. The werejackal changes into a human. The werejackal starts to attack you, but pulls back. The werejackal starts to attack you, but pulls back. You finish your prayer. You feel that Kos is well-pleased. You feel much better. You hit the werejackal. The werejackal hits! You hit the werejackal. The werejackal hits! You hit the werejackal. The werejackal hits! You hit the werejackal. The werejackal hits! You hit the werejackal. The werejackal changes into a jackal. The werejackal bites! You die... Do you want your possessions identified? [ynq] (y) y Do you want to see your attributes? [ynq] (y) y Do you want an account of creatures vanquished? [ynaq] (y) y Do you want to see your conduct and achievements? [ynq] (y) y Do you want to see the dungeon overview? [ynq] (y) y Major events: Turn 1: elenmirie the chaotic female orcish Rogue entered the dungeon 915: entered the Gnomish Mines 1152: attained the rank of Cutpurse (level 3) 1241: killed by a werejackal Inventory: Weapons b - an uncursed +0 orcish dagger (weapon in hand) a - an uncursed +0 orcish short sword (alternate weapon; not wielded) Armor c - an uncursed +1 leather armor (being worn) Comestibles j - 2 cursed food rations h - an uncursed fortune cookie p - an uncursed tripe ration l - a cursed tripe ration o - 2 cursed homemade tins of lichen Tools w - an uncursed sack containing 3 items k - a cursed horn of plenty (0:15) e - an uncursed lock pick Contents of the sack: an uncursed scroll of light an uncursed potion of sickness an uncursed potion of water Elenmirie the Rogue's attributes: Background: You were a Cutpurse, a level 3 female orcish Rogue. You were chaotic, on a mission for Kos who was opposed by Issek (lawful) and Mog (neutral). You were in the Dungeons of Doom, on level 3. You entered the dungeon 1241 turns ago. You had 46 experience points, 34 more were needed to attain level 4. Basics: You had 0 out of 24 hit points. You had all 7 energy points (spell power). Your armor class was 7. Your wallet contained 12 zorkmids. Autopickup was on for '$' plus thrown. Final Characteristics: Your strength was 13 (limit:18/50). Your dexterity was 18 (limit:18). Your constitution was 15 (limit:18). Your intelligence was 12 (limit:16). Your wisdom was 8 (limit:16). Your charisma was 9 (limit:16). Final Status: You were not hungry. You were unencumbered. You were wielding a dagger. You had basic skill with dagger. Final Attributes: You were devoutly aligned. You were poison resistant. You were level-drain resistant. You had infravision. You were stealthy. You were warded. You were a werejackal. You were harmed by silver. You are dead. Miscellaneous: You never encountered a bones level. Total elapsed playing time was 14 minutes and 47 seconds. Vanquished creatures: an acid blob a gas spore a hobbit a giant rat a brown mold a yellow mold a gecko a kobold 2 sewer rats 5 grid bugs 3 lichens a kobold zombie 3 newts 22 creatures vanquished. No species were genocided or became extinct. Voluntary challenges: You were illiterate. You never engraved Elbereth. You never genocided any monsters. You never polymorphed an object. You never changed form. You used no wishes. Achievements: You entered the Gnomish Mines. You attained the rank of Cutpurse. You entered a shop. The Dungeons of Doom: levels 1 to 3 Level 1: Some fountains. Level 2: Level 3: <- You were here. A scroll shop. Stairs down to The Gnomish Mines. Final resting place for you, killed by a werejackal. The Gnomish Mines: Level 4: Game over: ---------- / \ / REST \ / IN \ / PEACE \ / \ | elenmirie | | 12 Au | | killed by a | | werejackal | | | | | | 2022 | *| * * * | * _________)/\\_//(\/(/\)/\//\/|_)_______ Goodbye elenmirie the Rogue... You died in The Dungeons of Doom on dungeon level 3 with 345 points, and 12 pieces of gold, after 1241 moves. You were level 3 with a maximum of 24 hit points when you died.